SNL (28 & UNDER)
WEST VIRGINIA POWER @ BLACKIRON DRAGONS
08/11/2026
 
TOP OF THE 1ST
West Virginia Power batting - Pitching for BlackIron Dragons : RHP Augusto Méndez
Pitching: RHP Augusto Méndez
Batting: RHB Tony Parker 0-0: Called Strike
0-1: Fly out, F9 (Flyball, 89D)
Batting: RHB Dave McGrath 0-0: Foul Ball, location: 2F
0-1: Swinging Strike
0-2: Strikes out swinging
Batting: RHB Roberto Tobías 0-0: Called Strike
0-1: Ball
1-1: Foul Ball, location: 2F
1-2: Ball
2-2: Ball
3-2: Fly out, F4 (Popup, 4)
Top of the 1st over - 0 run(s), 0 hit(s), 0 error(s), 0 left on base; West Virginia 0 - BlackIron 0
BOTTOM OF THE 1ST
BlackIron Dragons batting - Pitching for West Virginia Power : LHP Ricardo Guichardo
Pitching: LHP Ricardo Guichardo
Batting: RHB Eugene Payne 0-0: Foul Ball, location: 2F
0-1: Foul Ball, location: 2F
0-2: Strikes out swinging
Batting: RHB José Colón 0-0: Swinging Strike
0-1: Fly out, F7 (Flyball, 7LM)
Batting: LHB Manuel Cardenas 0-0: Ball
1-0: Ball
2-0: Foul Ball, location: 2F
2-1: Called Strike
2-2: Foul Ball, location: 2F
2-2: Strikes out swinging
Bottom of the 1st over - 0 run(s), 0 hit(s), 0 error(s), 0 left on base; West Virginia 0 - BlackIron 0
TOP OF THE 2ND
West Virginia Power batting - Pitching for BlackIron Dragons : RHP Augusto Méndez
Batting: RHB Ben Dougherty 0-0: Fly out, F8 (Flyball, 89D)
Batting: LHB Héctor Soto 0-0: Called Strike
0-1: DOUBLE (Line Drive, 9LS)
Batting: RHB Len Burke 0-0: Ball
1-0: Called Strike
1-1: SINGLE (Groundball, 6)
Héctor Soto to third
Batting: SHB Waylon Adams 0-0: Ball
1-0: Ball
2-0: Called Strike
2-1: Ball
3-1: Base on Balls
Len Burke to second
Batting: RHB Aaron Murray 0-0: Ball
1-0: Ball
2-0: Grounds into fielders choice 1-2 (Groundball, 15)
Len Burke to third
Waylon Adams to second
Batting: RHB Jesse Moore 0-0: Ball
1-0: Called Strike
1-1: SINGLE (Groundball, 34D)
Len Burke scores
Waylon Adams to third
Aaron Murray to second
Runner from 3rd tries for Home, SAFE, no throw or cutoff
Batting: RHB Tony Parker 0-0: Called Strike
0-1: Ball
1-1: SINGLE (Line Drive, 4MD)
Aaron Murray to third
Jesse Moore to second
Runner from 3rd tries for Home, SAFE, no throw or cutoff
Batting: RHB Dave McGrath 0-0: Called Strike
0-1: Reached on error, E4 (Groundball, 4)
Jesse Moore scores
Tony Parker to third
Batting: RHB Roberto Tobías 0-0: Called Strike
0-1: Ball
1-1: Ball
2-1: Ball
3-1: Called Strike
3-2: SINGLE (Groundball, 56D)
Tony Parker scores
Dave McGrath to third
Dave McGrath scores
Batting: RHB Ben Dougherty 0-0: Called Strike
0-1: Ball
1-1: Reached on Error, E1 (Popup, 15S)
Roberto Tobías to second
Batting: LHB Héctor Soto 0-0: Called Strike
0-1: Ball
1-1: Ball
2-1: Ball
3-1: Base on Balls
Roberto Tobías to third
Ben Dougherty to second
Batting: RHB Len Burke 0-0: Ball
1-0: Foul Ball, location: 2F
1-1: Ground out 5-3 (Groundball, 5S)
Top of the 2nd over - 6 run(s), 5 hit(s), 2 error(s), 3 left on base; West Virginia 6 - BlackIron 0
BOTTOM OF THE 2ND
BlackIron Dragons batting - Pitching for West Virginia Power : LHP Ricardo Guichardo
Batting: RHB Gil Palmer 0-0: Ball
1-0: Ball
2-0: Called Strike
2-1: Foul Ball, location: 2F
2-2: SINGLE (Groundball, 15S) (infield hit)
Batting: LHB Culley Vaughan 0-0: Called Strike
0-1: Fielders Choice at 2nd, 6-4 (Groundball, 6M)
Batting: RHB Frank Maxwell 0-0: Called Strike
0-1: Ball
Pickoff Throw to First - Out!
1-1: Ball
2-1: Ball
3-1: Foul Ball, location: 2F
3-2: Base on Balls
Batting: RHB Mark Arnold 0-0: Fielders Choice at 2nd, 5-4 (Groundball, 5)
Bottom of the 2nd over - 0 run(s), 1 hit(s), 0 error(s), 0 left on base; West Virginia 6 - BlackIron 0
TOP OF THE 3RD
West Virginia Power batting - Pitching for BlackIron Dragons : RHP Augusto Méndez
Batting: SHB Waylon Adams 0-0: Called Strike
0-1: Ball
1-1: Called Strike
1-2: Ball
2-2: Strikes out swinging
Batting: RHB Aaron Murray 0-0: Ball
1-0: Swinging Strike
1-1: Swinging Strike
1-2: Foul Ball, location: 2F
1-2: Strikes out swinging
Batting: RHB Jesse Moore 0-0: Swinging Strike
0-1: SINGLE (Groundball, 4M)
Batting: RHB Tony Parker 0-0: Ball
1-0: Ball
2-0: Foul Ball, location: 2F
2-1: Fly out, F9 (Line Drive, 89M)
Top of the 3rd over - 0 run(s), 1 hit(s), 0 error(s), 1 left on base; West Virginia 6 - BlackIron 0
BOTTOM OF THE 3RD
BlackIron Dragons batting - Pitching for West Virginia Power : LHP Ricardo Guichardo
Batting: RHB Preston MacLyan 0-0: Ground out 4-3 (Groundball, 4)
Batting: RHB Doug O'Brien 0-0: Foul Ball, location: 2F
0-1: Foul Ball, location: 2F
0-2: Strikes out swinging
Batting: RHB Eugene Payne 0-0: Fly out, F4 (Popup, 34D)
Bottom of the 3rd over - 0 run(s), 0 hit(s), 0 error(s), 0 left on base; West Virginia 6 - BlackIron 0
TOP OF THE 4TH
West Virginia Power batting - Pitching for BlackIron Dragons : RHP Augusto Méndez
Batting: RHB Dave McGrath 0-0: Ball
1-0: Swinging Strike
1-1: Ball
2-1: Ball
3-1: Fly out, F9 (Flyball, 9M)
Batting: RHB Roberto Tobías 0-0: Ball
1-0: Called Strike
1-1: Ball
2-1: SINGLE (Flyball, 9S)
Pitching: RHP Bret McJannett
Batting: RHB Ben Dougherty 0-0: Ball
1-0: Called Strike
1-1: Swinging Strike
1-2: Ball
2-2: Strikes out swinging
Batting: LHB Héctor Soto 0-0: Called Strike
0-1: SINGLE (Flyball, 8RS)
Roberto Tobías to second
Runner from 2nd tries for 3rd, SAFE, throw made to third
Batting: RHB Len Burke 0-0: Ground out 5-3 (Groundball, 56)
Top of the 4th over - 0 run(s), 2 hit(s), 0 error(s), 2 left on base; West Virginia 6 - BlackIron 0
BOTTOM OF THE 4TH
BlackIron Dragons batting - Pitching for West Virginia Power : LHP Ricardo Guichardo
Batting: RHB José Colón 0-0: Ground out 1-3 (Groundball, 13)
Batting: LHB Manuel Cardenas 0-0: Foul Ball, location: 2F
0-1: Called Strike
0-2: Ball
1-2: Strikes out swinging
Batting: RHB Gil Palmer 0-0: Foul Ball, location: 2F
0-1: Ball
1-1: Fly out, F7 (Flyball, 78S)
Bottom of the 4th over - 0 run(s), 0 hit(s), 0 error(s), 0 left on base; West Virginia 6 - BlackIron 0
TOP OF THE 5TH
West Virginia Power batting - Pitching for BlackIron Dragons : RHP Bret McJannett
Batting: SHB Waylon Adams 0-0: Ball
1-0: Ball
2-0: Foul Ball, location: 2F
2-1: Ball
3-1: Swinging Strike
3-2: Foul Ball, location: 2F
3-2: Strikes out swinging
Batting: RHB Aaron Murray 0-0: Hit by Pitch
Batting: RHB Jesse Moore 0-0: Called Strike
0-1: Fly out, F9 (Flyball, 9S)
Batting: RHB Tony Parker 0-0: Called Strike
0-1: SINGLE (Groundball, 34)
Aaron Murray to second
Runner from 2nd tries for 3rd, OUT!
Top of the 5th over - 0 run(s), 1 hit(s), 0 error(s), 1 left on base; West Virginia 6 - BlackIron 0
BOTTOM OF THE 5TH
BlackIron Dragons batting - Pitching for West Virginia Power : LHP Ricardo Guichardo
Batting: LHB Culley Vaughan 0-0: Called Strike
0-1: Swinging Strike
0-2: Strikes out swinging
Batting: RHB Frank Maxwell 0-0: Called Strike
0-1: Foul Ball, location: 2F
0-2: SINGLE (Line Drive, 8LS)
Batting: RHB Mark Arnold 0-0: Grounds into double play, 5-4-3 (Groundball, 5)
Bottom of the 5th over - 0 run(s), 1 hit(s), 0 error(s), 0 left on base; West Virginia 6 - BlackIron 0
TOP OF THE 6TH
West Virginia Power batting - Pitching for BlackIron Dragons : RHP Bret McJannett
Batting: RHB Dave McGrath 0-0: Ball
1-0: Fly out, F8 (Flyball, 8RXD)
Batting: RHB Roberto Tobías 0-0: Ball
1-0: Swinging Strike
1-1: Ball
2-1: Called Strike
2-2: Foul Ball, location: 2F
2-2: Strikes out looking
Batting: RHB Ben Dougherty 0-0: Ball
1-0: Ball
2-0: Called Strike
2-1: Swinging Strike
2-2: Fly out, F9 (Flyball, 9M)
Top of the 6th over - 0 run(s), 0 hit(s), 0 error(s), 0 left on base; West Virginia 6 - BlackIron 0
BOTTOM OF THE 6TH
BlackIron Dragons batting - Pitching for West Virginia Power : LHP Ricardo Guichardo
Batting: RHB Preston MacLyan 0-0: Called Strike
0-1: Ground out 6-3 (Groundball, 6)
Batting: RHB Doug O'Brien 0-0: Swinging Strike
0-1: Swinging Strike
0-2: Ground out 3-1 (Groundball, 34)
Batting: RHB Eugene Payne 0-0: SINGLE (Groundball, 56)
Batting: RHB José Colón 0-0: Ball
1-0: SINGLE (Groundball, 25) (infield hit)
Eugene Payne to second
Batting: LHB Manuel Cardenas 0-0: Swinging Strike
0-1: Called Strike
0-2: Ball
1-2: Fly out, F6 (Popup, 6MD)
Bottom of the 6th over - 0 run(s), 2 hit(s), 0 error(s), 2 left on base; West Virginia 6 - BlackIron 0
TOP OF THE 7TH
West Virginia Power batting - Pitching for BlackIron Dragons : RHP Bret McJannett
Pitching: RHP Ken Burris
Batting: LHB Héctor Soto 0-0: Swinging Strike
0-1: Swinging Strike
0-2: Ball
1-2: Foul Ball, location: 2F
1-2: Strikes out swinging
Batting: RHB Len Burke 0-0: Ball
1-0: Called Strike
1-1: Foul Ball, location: 2F
1-2: Foul Ball, location: 2F
1-2: Ball
2-2: Ball
3-2: Fly out, F9 (Flyball, 89D)
Batting: SHB Waylon Adams 0-0: Ball
1-0: Foul Ball, location: 2F
1-1: Called Strike
1-2: Strikes out swinging
Top of the 7th over - 0 run(s), 0 hit(s), 0 error(s), 0 left on base; West Virginia 6 - BlackIron 0
BOTTOM OF THE 7TH
BlackIron Dragons batting - Pitching for West Virginia Power : LHP Ricardo Guichardo
Batting: RHB Gil Palmer 0-0: Ground out 6-3 (Groundball, 6)
Batting: LHB Culley Vaughan 0-0: Foul Ball, location: 2F
0-1: Fly out, F6 (Popup, 6D)
Batting: RHB Frank Maxwell 0-0: Ball
1-0: Swinging Strike
1-1: Ball
2-1: Swinging Strike
2-2: Fly out, F8 (Flyball, 8RD)
Bottom of the 7th over - 0 run(s), 0 hit(s), 0 error(s), 0 left on base; West Virginia 6 - BlackIron 0
TOP OF THE 8TH
West Virginia Power batting - Pitching for BlackIron Dragons : RHP Ken Burris
Batting: RHB Aaron Murray 0-0: Called Strike
0-1: Ball
1-1: SINGLE (Flyball, 89S)
Batting: RHB Jesse Moore 0-0: Foul Ball, location: 2F
0-1: Swinging Strike
0-2: Strikes out swinging
Aaron Murray steals 2nd base
Batter strikes out.
Batting: RHB Tony Parker 0-0: Ball
1-0: Called Strike
1-1: Ball
2-1: Ball
3-1: Called Strike
3-2: Base on Balls
Batting: RHB Dave McGrath 0-0: Called Strike
0-1: Called Strike
0-2: Ball
Passed Ball!
Aaron Murray to third
Tony Parker to second
1-2: Fly out, F9 (Flyball, 9M)
Runner from 3rd tags up, OUT at HOME
Top of the 8th over - 0 run(s), 1 hit(s), 0 error(s), 1 left on base; West Virginia 6 - BlackIron 0
BOTTOM OF THE 8TH
BlackIron Dragons batting - Pitching for West Virginia Power : LHP Ricardo Guichardo
Now at 3B: Ron Guillén
Now in CF: Júlio Martínez
Batting: RHB Mark Arnold 0-0: Foul Ball, location: 2F
0-1: Ball
1-1: Called Strike
1-2: Ball
2-2: Strikes out swinging
Batting: RHB Preston MacLyan 0-0: Called Strike
0-1: Called Strike
0-2: Strikes out swinging
Batting: RHB Doug O'Brien 0-0: Called Strike
0-1: Swinging Strike
0-2: Foul Ball, location: 2F
0-2: Fly out, F9 (Flyball, 89S)
Bottom of the 8th over - 0 run(s), 0 hit(s), 0 error(s), 0 left on base; West Virginia 6 - BlackIron 0
TOP OF THE 9TH
West Virginia Power batting - Pitching for BlackIron Dragons : RHP Ken Burris
Batting: RHB Roberto Tobías 0-0: Ball
1-0: Ground out 5-3 (Groundball, 56)
Batting: RHB Ben Dougherty 0-0: Foul Ball, location: 2F
0-1: Swinging Strike
0-2: Foul Ball, location: 2F
0-2: Foul Ball, location: 2F
0-2: Ball
1-2: Fly out, F8 (Flyball, 8RD)
Batting: LHB Héctor Soto 0-0: Called Strike
0-1: Foul Ball, location: 2F
0-2: Ball
1-2: Ground out 1-3 (Groundball, 23)
Top of the 9th over - 0 run(s), 0 hit(s), 0 error(s), 0 left on base; West Virginia 6 - BlackIron 0
BOTTOM OF THE 9TH
BlackIron Dragons batting - Pitching for West Virginia Power : LHP Ricardo Guichardo
Batting: RHB Eugene Payne 0-0: Fly out, F9 (Flyball, 89S)
Batting: RHB José Colón 0-0: Ball
1-0: Ball
2-0: Fly out, F4 (Popup, 4M)
Batting: LHB Manuel Cardenas 0-0: Ball
1-0: Foul Ball, location: 2F
1-1: Ball
2-1: Foul Ball, location: 2F
2-2: Foul Ball, location: 2F
2-2: Foul Ball, location: 2F
2-2: Ball
3-2: Base on Balls
Batting: RHB Gil Palmer 0-0: Ball
1-0: Swinging Strike
1-1: Ball
2-1: Foul Ball, location: 2F
2-2: Strikes out swinging
Bottom of the 9th over - 0 run(s), 0 hit(s), 0 error(s), 1 left on base; West Virginia 6 - BlackIron 0
Monday, December 5th, 2016 - OOTP Baseball 17.12 Build 75